cohdb
Replays
Latest Replays
All Replays
Popular Replays
Top Player Replays
Match Explorer
How It Works
Community
CoH3 Stats
Reddit
Sign in to upload your games and track your stats! →
Sign in with Steam
Aere Peremmius Victory 20240218
Match 19097474
Overview
Messages
Build Orders
End
Construct Infanterie Kompanie
Pioneer Squad
MG 42 Machine Gun Team
Selects Breakthrough Battlegroup
Selects Assault Grenadiers
Grenadier Squad
MG 42 Machine Gun Team
Grenadier Squad
Grenadier Squad
GrW 34 Mortar Team
Medical Station
Pioneer Squad
Infanterie Officer Quarters
Construct Panzergrenadier Kompanie
Pak 40 Anti-tank Gun Team
Selects Smoke Bombing Run
Selects Incendiary Bombing Run
Incendiary Bombing Run
Construct Panzer Kompanie
Pak 40 Anti-tank Gun Team
Smoke Bombing Run
Panzer IV Medium Tank
Panzer Officer Quarters
Side Skirts
Smoke Bombing Run
Panzer IV Medium Tank
Incendiary Bombing Run
Incendiary Bombing Run
Panzer IV Medium Tank
Pak 40 Anti-tank Gun Team
Incendiary Bombing Run
Selects 2.5-tonne Cargo Truck
Selects Blitzkrieg
Selects Tiger Heavy Tank
Tiger Heavy Tank
Smoke Bombing Run
AirborneDivision
RAFIK
StevieG
gvtm
0
0
Comments
sign in to comment!
No comments posted yet!